 Dungeon Crawl Stone Soup version 0.27-a0-1065-ge809cff456 (console) character file.

Game seed: 15094677451378791956

945 nht the Insei (level 7, -1/48 HPs)
             Began as a Demonspawn Artificer on Apr 23, 2021.
             Was a Priest of Okawaru.
             Slain by an iguana (3 damage)
             ... on level 5 of the Dungeon.
             The game lasted 00:12:40 (5720 turns).

nht the Insei (Demonspawn Artificer)                Turns: 5720, Time: 00:12:40

Health: -1/48      AC:  7    Str: 12    XL:     7   Next: 89%
Magic:  8/10       EV: 14    Int: 14    God:    Okawaru [***...]
Gold:   83         SH:  0    Dex: 14    Spells: 6/6 levels left

rFire    . . .     SeeInvis .     - Unarmed
rCold    . . .     Faith    .   (no shield)
rNeg     + . .     Spirit   .   b - +0 leather armour
rPois    .         Reflect  .   (no helmet)
rElec    .         Harm     .   y - +0 cloak
rCorr    .         Rampage  .   x - +0 pair of gloves
Will     .....                  (no boots)
Stlth    +++.......             (no amulet)
HPRegen  0.16/turn              r - ring of positive energy
MPRegen  0.12/turn              (no ring)

@: heroic
A: hooves 1, powered by death 3, sharp scales 1
a: Renounce Religion, Heroism


You were on level 5 of the Dungeon.
You worshipped Okawaru.
Okawaru was most pleased with you.
You visited 1 branch of the dungeon, and saw 5 of its levels.

You collected 181 gold pieces.
You spent 98 gold pieces at shops.

Inventory:

Hand Weapons
 a - a +0 club
Missiles
 j - 4 boomerangs
 k - 5 javelins
Armour
 b - a +0 leather armour (worn)
 i - a +0 kite shield
 x - a +0 pair of gloves (worn)
 y - a +0 cloak (worn)
Jewellery
 r - a ring of positive energy (left hand)
Wands
 w - a wand of mindburst (19)
Scrolls
 c - a scroll of noise {unknown}
 f - 2 scrolls of amnesia
 g - a scroll of teleportation
 l - a scroll of immolation {unknown}
 m - a scroll of summoning {unknown}
 n - a scroll of holy word {unknown}
 o - a scroll of torment {unknown}
 p - a scroll of blinking {unknown}
 q - a scroll of fog {unknown}
 v - a scroll of identify
Potions
 d - 3 potions of might
 h - a potion of flight
 s - 3 potions of curing
 t - a potion of resistance {unknown}
 u - a potion of mutation {unknown}
Miscellaneous
 e - a piece from Xom's chessboard (inert) (quivered)


   Skills:
 - Level 1.0(6.0) Fighting
 + Level 2.9(7.9) Throwing
 - Level 1.7(6.7) Armour
 - Level 0.8(5.8) Dodging
 - Level 0.8(5.8) Stealth
 + Level 6.4(11.4) Unarmed Combat
 - Level 4.0 Invocations
 - Level 4.0 Evocations


You had 6 spell levels left.
You didn't know any spells.
Your spell library was empty.

Dungeon Overview and Level Annotations

Branches:
Dungeon (5/15)
 Temple: D:4-7

Altars:
Kikubaaqudgha
Nemelex Xobeh
Okawaru

Shops:
D:2 =   D:4 !

Annotations:
D:3 1 transporter, Killmatronix's ghost, amateur MiSu


Innate Abilities, Weirdness & Mutations

You have large cloven feet.
You regenerate a lot of health from kills.
You are partially covered in razor-sharp scales. (AC +1, Slay +1)


Message History

An iguana comes into view.
The iguana hisses angrily.
An iguana is nearby!
You barely miss the iguana. The iguana bites you!
You hit the iguana. You kick the iguana, but do no damage.
The iguana is moderately wounded.
The iguana bites you.
You barely miss the iguana.
The iguana is moderately wounded.
The iguana bites you!
You hit the iguana but do no damage.
The iguana is moderately wounded.
The iguana bites you!
You hit the iguana.
The iguana is moderately wounded.
You closely miss the iguana.
The iguana is moderately wounded.
The iguana bites you.
* * * LOW HITPOINT WARNING * * *
You gain the combat prowess of a mighty hero.
The iguana completely misses you.
You hit the iguana but do no damage.
The iguana is moderately wounded.
The iguana barely misses you.
You hit the iguana but do no damage. You kick the iguana, but do no damage.
The iguana is moderately wounded.
The iguana closely misses you.
You hit the iguana.
The iguana is moderately wounded.
The iguana closely misses you.
You hit the iguana.
The iguana is severely wounded.
You barely miss the iguana. You kick the iguana, but do no damage.
The iguana is severely wounded.
The iguana bites you!
* * * LOW HITPOINT WARNING * * *
You hit the iguana but do no damage. You kick the iguana.
The iguana is severely wounded.
The iguana bites you.
You die...

█..████.█.█.<.█
█......███....█
██.████.█>█...█ █.█
██.███.██ █.█ █.█ █.█
█.█ █.█ █.█ █.█ █.█
█.█ █████.█ █.█ █.█
█..l@.█ ██.█ █.█
█.█████ █.<█ █.█ █.██
█.█ █†█ █.█ █.█ █.█
████.████.█
█.........█
█.████...██████
█.█████.███.███......


You could see an iguana.

Vanquished Creatures
  Grinder (D:3)
  2 necrophages (D:5)
  A wyvern zombie (D:5)
  A centaur zombie (D:5)
  A centaur skeleton (D:5)
  2 jellies
  3 hounds
  An orc priest (D:5)
  2 orc wizards
  A hound zombie (D:5)
  13 adders
  2 worms
  2 dart slugs
  10 orcs
  4 ball pythons
  6 endoplasms
  4 giant cockroaches
  8 hobgoblins
  7 jackals
  6 kobolds
  2 quokkas
  3 bats (D:3)
  2 frilled lizards (D:3)
  6 goblins
  3 rats
93 creatures vanquished.

Vanquished Creatures (collateral kills)
  An adder (D:2)
  A worm (D:2)
  A dart slug (D:2)
  2 orcs (D:2)
  A ball python (D:2)
  A bat (D:3)
  3 endoplasms
  3 jackals
  A frilled lizard (D:1)
  A goblin (D:1)
  A rat (D:1)
16 creatures vanquished.

Vanquished Creatures (others)
  Jessica (D:2)
  An adder (D:2)
  A jackal (D:2)
  A kobold (D:2)
  6 plants (D:3)
10 creatures vanquished.

Grand Total: 119 creatures vanquished

Notes
Turn   | Place    | Note
-------+----------+-------------------------------------------
     0 | D:1      | nht the Demonspawn Artificer began the quest for the Orb.
     0 | D:1      | Reached XP level 1. HP: 15/15 MP: 1/1
    17 | D:1      | Found a faded altar of an unknown god.
    33 | D:1      | Became a worshipper of Warmaster Okawaru
    33 | D:1      | Reached * piety under Okawaru
   439 | D:1      | Gained mutation: You regenerate a little health from kills.
                  | [demonic ancestry]
   439 | D:1      | Reached XP level 2. HP: 20/21 MP: 2/2
  1472 | D:2      | Noticed Jessica
  1521 | D:2      | Your ally died
  1522 | D:2      | Reached skill level 1 in Invocations
  1560 | D:2      | Gained mutation: You are partially covered in razor-sharp
                  | scales. (AC +1, Slay +1) [demonic ancestry]
  1560 | D:2      | Reached XP level 3. HP: 26/26 MP: 3/5
  1793 | D:2      | Gained mutation: You have large cloven feet. [demonic
                  | ancestry]
  1793 | D:2      | Reached XP level 4. HP: 32/32 MP: 6/6
  1900 | D:2      | Found Fotsiwyi's Jewellery Boutique.
  2061 | D:2      | Reached skill level 1 in Unarmed Combat
  2890 | D:3      | Found a sparkling altar of Nemelex Xobeh.
  2912 | D:3      | Reached skill level 2 in Unarmed Combat
  2912 | D:3      | Gained mutation: You regenerate health from kills. [demonic
                  | ancestry]
  2912 | D:3      | Reached XP level 5. HP: 11/37 MP: 8/8
  3271 | D:3      | Found a transporter.
  3446 | D:3      | Found a transporter.
  3451 | D:3      | Noticed Killmatronix's ghost (amateur MiSu)
  3688 | D:3      | Noticed Grinder
  3711 | D:3      | Killed Grinder
  3711 | D:3      | Reached ** piety under Okawaru
  3712 | D:3      | Reached skill level 4 in Unarmed Combat
  3712 | D:3      | Gained mutation: You regenerate a lot of health from kills.
                  | [demonic ancestry]
  3712 | D:3      | Reached XP level 6. HP: 27/43 MP: 9/9
  4038 | D:3      | Identified the +4 halberd of a treasure trove {pain, Int+4}
  4583 | D:4      | Found Sauhat's Distillery.
  4596 | D:4      | Bought a potion of might for 56 gold pieces
  4596 | D:4      | Bought a potion of curing for 42 gold pieces
  4597 | D:4      | Found an ancient bone altar of Kikubaaqudgha.
  4672 | D:4      | Reached skill level 5 in Unarmed Combat
  4998 | D:5      | Entered Level 5 of the Dungeon
  5026 | D:5      | Reached XP level 7. HP: 37/48 MP: 10/10
  5077 | D:5      | Reached *** piety under Okawaru
  5160 | D:5      | Reached skill level 1 in Throwing
  5186 | D:5      | Reached skill level 6 in Unarmed Combat
  5719 | D:5      | HP: 2/48 [iguana (10)]
  5720 | D:5      | Slain by an iguana

Illustrated notes

Levels and vault maps discovered:
D:1:      dpeg_arrival_orchard, layout_basic,
          chequers_ecumenical_altar_simple_redux, chequers_serial_rivers_room_a
D:2:      layout_basic, serial_shops, shop_fountains, minmay_tetromino_t2,
          uniq_jessica
D:3:      layout_loops_corners, old_standard_altar,
          gammafunk_ghost_gnarly_gnolls, uniq_grinder
D:4:      layout_loops_ring, kiku_gazebo_pond_becter, serial_shops, shop,
          grunt_ministairs_7
D:5:      layout_loops_ring

Skill      XL: |  1  2  3  4  5  6  7 |
---------------+----------------------+-----
Evocations     | 4 |  4.0
Invocations    | 2 3 4 |  4.0
Unarmed Combat | 2 4 5 6 |  6.4
Throwing       | 2 |  2.9
Fighting       | |  1.0
Armour         | |  1.7
Dodging        | |  0.8
Stealth        | |  0.8

Action                   |  1- 3 |  4- 6 |  7- 9 || total
-------------------------+-------+-------+-------++-------
Melee: Club              |    79 |    30 |       ||   109
       Unarmed           |       |   166 |    94 ||   260
       Kick              |       |    47 |    30 ||    77
       Punch             |       |     3 |     7 ||    10
Invok: Heroism           |       |     1 |     4 ||     5
Evoke: Piece from Xom's  |    16 |    14 |     7 ||    37
       Wand              |    20 |    10 |     1 ||    31
  Use: Scroll            |     3 |     3 |       ||     6
       Potion            |       |     1 |     1 ||     2
 Stab: Petrified         |     8 |    12 |       ||    20
       Sleeping          |     3 |     5 |       ||     8
       Petrifying        |     1 |     3 |       ||     4
       Paralysed         |     3 |       |       ||     3
       Confused          |       |     1 |       ||     1
Armor: Leather armour    |    25 |    50 |    11 ||    86
Dodge: Dodged            |    49 |    95 |    58 ||   202

Table legend: (Time is in decaauts)
 A = Elapsed time spent in this place.
 B = Non-inter-level travel time spent in this place.
 C = Inter-level travel time spent in this place.
 D = Time resting spent in this place.
 E = Time spent auto-exploring this place.
 F = Levels seen in this place.
 G = Mean time per level.
                   A        B        C        D        E       F      G
               +--------+--------+--------+--------+--------+-----+--------+
         Total |   5727 |   5514 |    213 |    443 |   4165 |   5 | 1145.4 |
       Dungeon |   5727 |   5514 |    213 |    443 |   4165 |   5 | 1145.4 |
               +--------+--------+--------+--------+--------+-----+--------+

Top non-repeatable levels by time:
     D:3: 1519 daAuts
     D:1: 1402 daAuts
     D:2: 1316 daAuts
     D:4: 997 daAuts
     D:5: 491 daAuts
